 Dungeon Crawl Stone Soup version 0.23.2-40-g277498a001 (webtiles) character file.

Game seed: 16269187169632335648

280 Ruokin the Covered (level 6, 0/47 HPs)
             Began as a Human Fighter on Oct 23, 2019.
             Was an Initiate of the Shining One.
             Slain by an ogre
             ... wielding a +0 giant spiked club
              (15 damage)
             ... on level 4 of the Dungeon.
             The game lasted 00:09:48 (2751 turns).

Ruokin the Covered (Human Fighter)                  Turns: 2751, Time: 00:09:49

Health: 0/47       AC: 14    Str: 18    XL:     6   Next: 52%
Magic:  6/6        EV:  3    Int:  9    God:    the Shining One [......]
Gold:   178        SH:  9    Dex: 12    Spells: 5/5 levels left

rFire    . . .     SeeInvis .   a - +0 long sword
rCold    . . .     Gourm    .   c - +0 shield
rNeg     . . .     Faith    .   l - +0 plate armour
rPois    .         Spirit   .   (no helmet)
rElec    .         Reflect  .   s - +0 cloak
rCorr    .         Harm     .   u - +0 pair of gloves
MR       .....                  (no boots)
Stlth    ..........             (no amulet)
HPRegen  0.15/turn              (no ring)
MPRegen  0.10/turn              (no ring)

@: glowing
A: no striking features
a: Renounce Religion


You were on level 4 of the Dungeon.
You worshipped the Shining One.
The Shining One was noncommittal.
You were not hungry.

You visited 1 branch of the dungeon, and saw 4 of its levels.

You collected 178 gold pieces.

Inventory:

Hand Weapons
 a - a +0 long sword (weapon)
 r - a +3 quarterstaff of chaos
Armour
 b - a +0 scale mail
 c - a +0 shield (worn)
 l - a +0 plate armour (worn)
 s - a +0 cloak (worn)
 u - a +0 pair of gloves (worn)
Scrolls
 e - a scroll of enchant armour {unknown}
 g - 2 scrolls of noise {unknown}
 h - 3 scrolls of fog
 i - 3 scrolls of teleportation
 k - a scroll of magic mapping {unknown}
 m - 3 scrolls of remove curse
 n - 3 scrolls of identify
 q - 2 scrolls of amnesia {unknown}
 v - a scroll of fear {unknown}
Potions
 d - a potion of might
 j - a potion of curing {unknown}
 o - a potion of brilliance {unknown}
 p - a potion of berserk rage {unknown}
 t - a potion of flight {unknown}
Comestibles
 f - 2 rations


   Skills:
 + Level 3.6 Fighting
 + Level 3.4 Long Blades
 + Level 4.7 Armour
 + Level 0.9 Dodging
 + Level 0.2 Stealth
 + Level 4.2 Shields


You had 5 spell levels left.
You didn't know any spells.
Your spell library contained the following spells:

 Spells                   Type           Power        Failure   Level  Hunger
 Summon Small Mammal      Summ           #...         100%        1    ##.....
 Call Imp                 Summ           #.......     100%        2    ###....
 Call Canine Familiar     Summ           #.......     100%        3    ####...
 Summon Guardian Golem    Hex/Summ       #.......     100%        3    ####...
 Summon Ice Beast         Ice/Summ       #.......     100%        4    #####..
 Summon Lightning Spire   Summ/Air       #.......     100%        4    #####..


Dungeon Overview and Level Annotations

Branches:
Dungeon (4/15)
 Temple: D:4-7

Altars:
Ashenzari
Trog
The Shining One


Message History

You hit the ogre.
The ogre is moderately wounded.
The ogre hits you with a +0 giant spiked club!
You hit the ogre.
The ogre is heavily wounded.
You block the ogre's attack.
You hit the ogre but do no damage.
The ogre is heavily wounded.
The ogre hits you with a +0 giant spiked club!
You are too injured to fight recklessly!
You slash the ogre!
The ogre is severely wounded.
You block the ogre's attack.
You hit the ogre.
The ogre is severely wounded.
You block the ogre's attack.
You hit the ogre.
The ogre is severely wounded.
The ogre hits you with a +0 giant spiked club!
You die...

## #. .# #..
.## #..#
#..##
#...####.....
>.......#
#.....# #<..#
##@O# #...#
.....#
#.###... ..
#...# #$#
#... .# ...
.. ..


You could see an ogre.

Vanquished Creatures
  A phantom (D:3)
  An orc priest (D:3)
  Crazy Yiuf (D:2)
  A worker ant (D:3)
  3 adders (D:3)
  2 worms (D:3)
  4 dart slugs
  4 orcs (D:3)
  A ball python (D:3)
  6 bats
  4 giant cockroaches
  10 goblins
  6 hobgoblins
  8 frilled lizards
  5 kobolds
  10 rats
67 creatures vanquished.

Notes
Turn   | Place    | Note
-------+----------+-------------------------------------------
     0 | D:1      | Ruokin the Human Fighter began the quest for the Orb.
     0 | D:1      | Reached XP level 1. HP: 18/18 MP: 1/1
    41 | D:1      | Reached XP level 2. HP: 17/24 MP: 2/2
   205 | D:1      | Reached XP level 3. HP: 27/29 MP: 3/3
   588 | D:2      | Found a glowing golden altar of the Shining One.
   591 | D:2      | Became a worshipper of the Shining One
   735 | D:2      | Found a faded altar of an unknown god.
   809 | D:2      | Found a bloodstained altar of Trog.
  1019 | D:2      | Found a shattered altar of Ashenzari.
  1314 | D:2      | Found a runed translucent door.
  1315 | D:2      | Noticed Crazy Yiuf
  1322 | D:2      | Killed Crazy Yiuf
  1322 | D:2      | Reached XP level 4. HP: 24/35 MP: 4/4
  1741 | D:3      | Reached XP level 5. HP: 40/41 MP: 5/5
  1803 | D:3      | Noticed a phantom
  1913 | D:3      | Killed a phantom
  1913 | D:3      | Reached XP level 6. HP: 29/47 MP: 6/6
  2029 | D:3      | Found a glowing drain.
  2741 | D:4      | Noticed an ogre
  2751 | D:4      | Slain by an ogre

Skill      XL: |  1  2  3  4  5 |
---------------+----------------+-----
Armour         | 4 |  4.7
Long Blades    | 3 |  3.4
Shields        | 4 |  4.2
Fighting       | |  3.6
Dodging        | |  0.9
Stealth        | |  0.2

Action                   |  1- 3 |  4- 6 || total
-------------------------+-------+-------++-------
Melee: Long sword        |   107 |   212 ||   319
  Use: Scroll            |       |     3 ||     3
  Eat: Chunk             |     1 |     1 ||     2
       Ration            |       |     2 ||     2
Armor: Scale mail        |    22 |       ||    22
       Plate armour      |    60 |   110 ||   170
Dodge: Dodged            |    11 |    24 ||    35
Block: Shield            |    44 |   101 ||   145
       Rpst.: Long sword |     3 |     6 ||     9
